[Event "Titled Tuesday Blitz February 28 Early 2023"]
[White "Seletsky, Grigory"]
[Black "Crevatin, Leo"]
[WhiteFideId "14112191"]
[BlackFideId "1726307"]
[WhiteElo "2490"]
[BlackElo "2190"]
[Result "1-0"]
[Round "03"]
[TimeControl "180+2"]
[Date "2023.02.28"]
[WhiteClock "0:00:54"]
[BlackClock "0:00:01"]

1. d4 Nf6 2. Nf3 d5 3. Bf4 c5 4. c3 Nc6 5. e3 Qb6 6. Qb3 c4 7. Qc2 Bf5 8. Qc1 e6 9. h3 h6 10. Nbd2 Qd8 11. Be2 Bd6 12. Bxd6 Qxd6 13. O-O g5 14. Bd1 g4 15. hxg4 Nxg4 16. Bc2 Rg8 17. e4 dxe4 18. Nxe4 Bxe4 19. Bxe4 O-O-O 20. b3 f5 21. Bxc6 Qxc6 22. Qf4 Nf6 23. g3 Nh5 24. Qe3 f4 25. Qe2 fxg3 26. Qxc4 Nf4 27. Qxc6+ bxc6 28. Ne5 g2 29. Rfe1 Nh3+ 30. Kh2 g1=Q+ 31. Rxg1 Nxg1 32. Rxg1 Rxg1 33. Kxg1 Kc7 34. f4 c5 35. dxc5 Rd1+ 36. Kf2 Rd2+ 37. Ke3 Rxa2 38. b4 h5 39. Nf3 Kc6 40. c4 Rg2 41. Ne5+ Kc7 42. Kf3 Rb2 43. b5 Rb3+ 44. Kg2 Kb7 45. Kh2 a6 46. c6+ Kc7 47. bxa6 Ra3 48. c5 Rxa6 49. Kg3 Ra1 50. Kh3 Rh1+ 51. Kg2 Rc1 52. Kh3 Rf1 53. Kg3 h4+ 54. Kxh4 Rxf4+ 55. Kg3 Rf5 56. Nd3 Kxc6 57. Kg4 1-0


[Site "https://www.chess.com"]

[Event "Titled Tuesday Blitz February 28 Early 2023"]
[White "Heinemann, Josefine"]
[Black "Priasmoro, Novendra"]
[WhiteFideId "12900460"]
[BlackFideId "7105029"]
[WhiteElo "2342"]
[BlackElo "2412"]
[Result "0-1"]
[Round "03"]
[TimeControl "180+2"]
[Date "2023.02.28"]
[WhiteClock "0:00:05"]
[BlackClock "0:00:32"]

1. e4 e5 2. Nf3 Nf6 3. Nxe5 d6 4. Nf3 Nxe4 5. d4 d5 6. Bd3 Bd6 7. O-O O-O 8. c4 c6 9. Nc3 Re8 10. Re1 Nxc3 11. Rxe8+ Qxe8 12. bxc3 dxc4 13. Bxc4 Bg4 14. h3 Bh5 15. Rb1 b5 16. Bd3 Nd7 17. Be3 Nb6 18. Bxh7+ Kxh7 19. Ng5+ Kg6 20. g4 Bxg4 21. Qxg4 f5 22. Qg2 Kf6 23. Re1 Nd5 24. Bd2 Qd7 25. Re6+ Qxe6 26. Nxe6 Kxe6 27. Qxg7 Nf6 28. Kf1 Be7 29. Qg3 Bd6 30. Bf4 Be7 31. Qe3+ Kf7 32. Qe5 Rd8 33. Qxf5 c5 34. Be5 cxd4 35. cxd4 b4 36. h4 a5 37. h5 a4 38. Qg6+ Ke6 39. Bxf6 Bxf6 40. Qe4+ Kd6 41. d5 Bc3 42. Qe6+ Kc7 43. Qc6+ Kb8 44. Qxa4 Rxd5 45. h6 Rd8 46. h7 Kc7 47. Qa7+ Kc6 48. Qf7 Kb6 49. Qg8 Kc7 50. Kg2 Kd7 51. f4 Re8 52. f5 Ke7 53. Qe6+ Kd8 54. Qd6+ Kc8 55. Kf3 Rh8 56. f6 Rxh7 57. Qc6+ Kd8 58. Qd5+ Kc7 59. Qc5+ Kb7 60. Qb5+ Ka7 61. Qd3 Rh3+ 62. Ke4 Rxd3 63. Kxd3 Bxf6 64. Kc4 Be7 65. Kb3 Kb6 66. a4 bxa3 67. Ka2 Kb5 0-1


[Site "https://www.chess.com"]

[Event "Titled Tuesday Blitz February 28 Early 2023"]
[White "Kvaloy, Aksel Bu"]
[Black "Shuvalov, Evgenij"]
[WhiteFideId "1528815"]
[BlackFideId "4187237"]
[WhiteElo "2208"]
[BlackElo "2080"]
[Result "1-0"]
[Round "03"]
[TimeControl "180+2"]
[Date "2023.02.28"]
[WhiteClock "0:00:05"]
[BlackClock "0:00:01"]

1. d4 Nf6 2. c4 g6 3. Nc3 d5 4. cxd5 Nxd5 5. e4 Nxc3 6. bxc3 Bg7 7. Bc4 c5 8. Ne2 Nc6 9. Be3 O-O 10. O-O b6 11. dxc5 Qc7 12. Bd5 Bb7 13. cxb6 axb6 14. Nd4 Rfd8 15. Qb3 e6 16. Nxc6 Bxc6 17. Bxb6 Qb7 18. Bxc6 Qxc6 19. Bxd8 Rxd8 20. Rfd1 Ra8 21. f3 Be5 22. g3 g5 23. Rac1 Qc5+ 24. Kg2 Rb8 25. Qc2 Qc4 26. Qd2 h6 27. Rc2 Kg7 28. Qd3 Qc5 29. c4 Rb6 30. Qe2 Rb4 31. Qf2 Qa5 32. c5 Bc7 33. c6 Bb6 34. Qd2 Bc7 35. Kh1 Qb6 36. Kg2 Kg6 37. a3 Rb3 38. Qf2 Qa5 39. Rd7 Rxa3 40. Qd2 Qb6 41. Qf2 Qa5 42. f4 gxf4 43. gxf4 Bb6 44. f5+ Kf6 45. Qh4+ Ke5 46. c7 1-0


[Site "https://www.chess.com"]

[Event "Titled Tuesday Blitz February 28 Early 2023"]
[White "Zia, Tahsin Tajwar"]
[Black "Poliakova, Varvara"]
[WhiteFideId "10211888"]
[BlackFideId "13518313"]
[WhiteElo "2061"]
[BlackElo "2075"]
[Result "0-1"]
[Round "03"]
[TimeControl "180+2"]
[Date "2023.02.28"]
[WhiteClock "0:00:17"]
[BlackClock "0:02:02"]

1. d4 f5 2. Nc3 d5 3. Bf4 e6 4. e3 c6 5. Nf3 Nf6 6. Ne5 Be7 7. h3 O-O 8. g4 Nbd7 9. gxf5 exf5 10. Bd3 Ne4 11. f3 Bh4+ 12. Ke2 Nf2 13. Qg1 Nxh1 14. Qxh1 Nxe5 15. Bxe5 Bf6 16. f4 Bxe5 17. dxe5 d4 18. Rg1 dxc3 19. Qg2 Qe7 20. Bc4+ Kh8 21. bxc3 a5 22. Qf3 b5 23. Bd3 Be6 24. Qh5 Qf7 25. Qh4 Rab8 26. Rg5 g6 27. Qg3 c5 28. h4 c4 29. h5 cxd3+ 30. cxd3 Rg8 31. hxg6 Rxg6 0-1


[Site "https://www.chess.com"]

[Event "Titled Tuesday Blitz February 28 Early 2023"]
[White "Al-Tarboush, Ward"]
[Black "Hajiyev, Kanan"]
[WhiteFideId "7601450"]
[BlackFideId "13404148"]
[WhiteElo "2267"]
[BlackElo "2103"]
[Result "1-0"]
[Round "03"]
[TimeControl "180+2"]
[Date "2023.02.28"]
[WhiteClock "0:01:57"]
[BlackClock "0:00:12"]

1. e4 c6 2. Nf3 d5 3. Nc3 a6 4. d4 Bg4 5. Bd3 e6 6. O-O Nf6 7. e5 Nfd7 8. h3 Bh5 9. g4 Bg6 10. Ne2 c5 11. c3 Nc6 12. Nf4 Bxd3 13. Qxd3 cxd4 14. cxd4 Be7 15. Nh5 O-O 16. Kg2 f6 17. Be3 fxe5 18. Nxe5 Ndxe5 19. dxe5 Nxe5 20. Qd4 Bf6 21. g5 Nc6 22. Qg4 Bxb2 23. Rab1 Be5 24. Qxe6+ Kh8 25. Rxb7 Qc8 26. Qxc8 Raxc8 27. f4 Bc3 28. Rc1 Nd8 29. Rxg7 Bxg7 30. Rxc8 d4 31. Bd2 d3 32. Nxg7 Kxg7 33. Bc3+ Kg6 34. Kf3 Ne6 35. Rxf8 Nxf8 36. Ke4 Nd7 37. Kxd3 Kf5 38. Ke3 Nc5 39. h4 Ne4 40. Be5 Ng3 41. Kf3 Nh5 42. a4 h6 43. gxh6 Kg6 44. Kg4 Kxh6 45. a5 Kg6 46. f5+ Kh6 47. Bf4+ 1-0


[Site "https://www.chess.com"]

[Event "Titled Tuesday Blitz February 28 Early 2023"]
[White "Balint, Vilmos"]
[Black "Veiga, Jose Francisco R P Neves"]
[WhiteFideId "718050"]
[BlackFideId "1930087"]
[WhiteElo "2034"]
[BlackElo "2320"]
[Result "1-0"]
[Round "03"]
[TimeControl "180+2"]
[Date "2023.02.28"]
[WhiteClock "0:00:44"]
[BlackClock "0:00:01"]

1. e4 Nc6 2. Nc3 Nf6 3. Bc4 e6 4. Nf3 d5 5. exd5 exd5 6. Bb5 Bd6 7. d4 h6 8. h3 O-O 9. O-O Ne7 10. Re1 c6 11. Bd3 Bf5 12. Bxf5 Nxf5 13. Qd3 Qc8 14. Ne5 Bc7 15. Bf4 Nd6 16. f3 Re8 17. Re2 Qf5 18. Bh2 Bb6 19. Nxc6 Qxd3 20. cxd3 bxc6 21. Bxd6 Bxd4+ 22. Kf1 Rxe2 23. Nxe2 Bb6 24. Rc1 Rc8 25. Bc5 Nd7 26. d4 f6 27. b4 Kf7 28. a4 Bxc5 29. dxc5 Rb8 30. Rb1 Nxc5 31. Nd4 Nxa4 32. Nxc6 Rb6 33. Nxa7 Nc3 34. Rb3 d4 35. Nc8 Ra6 36. b5 Ra1+ 37. Kf2 Ra2+ 38. Kg3 g5 39. b6 Ne2+ 40. Kh2 Nf4 41. b7 Rxg2+ 42. Kh1 Rf2 43. Nd6+ 1-0


[Site "https://www.chess.com"]

[Event "Titled Tuesday Blitz February 28 Early 2023"]
[White "Devaev, Alexander"]
[Black "Shapiro, Viktor"]
[WhiteFideId "4169395"]
[BlackFideId "4175700"]
[WhiteElo "2225"]
[BlackElo "2132"]
[Result "0-1"]
[Round "03"]
[TimeControl "180+2"]
[Date "2023.02.28"]
[WhiteClock "0:00:08"]
[BlackClock "0:00:10"]

1. d4 Nf6 2. c4 e6 3. Nf3 c5 4. d5 exd5 5. cxd5 d6 6. Nc3 g6 7. e4 Bg7 8. h3 O-O 9. Bd3 b5 10. Nxb5 Nxe4 11. Bxe4 Re8 12. Ng5 f5 13. Ne6 Bxe6 14. dxe6 fxe4 15. O-O d5 16. Bf4 Na6 17. Nc3 Bxc3 18. bxc3 Rxe6 19. Qg4 Qd7 20. Rad1 Rae8 21. h4 d4 22. h5 Qd5 23. cxd4 cxd4 24. h6 Nc5 25. Rc1 Nd3 26. Rc7 R8e7 27. Rc8+ Re8 28. Rc7 R8e7 29. Rc8+ Kf7 30. Rh8 Qf5 31. Qxf5+ gxf5 32. Bg5 Kg6 33. Bxe7 Rxe7 34. Rd8 Nf4 35. Rd6+ Kg5 36. g3 Ne2+ 37. Kg2 d3 38. Rh1 f4 39. Rd5+ Kg6 40. Rd6+ Kg5 41. Rd5+ Kf6 42. Rd6+ Ke5 43. Ra6 fxg3 44. fxg3 Rf7 45. Rh5+ Kd4 46. Rh4 d2 47. Rd6+ Ke3 48. Rh5 Nd4 49. Rh1 Rf2+ 50. Kh3 Nf3 51. Rd1 Ke2 52. Ra1 e3 53. g4 Rh2+ 54. Kg3 Rf2 55. g5 Nxg5 56. Kg4 Ne4 57. Rd7 Nf6+ 58. Kg5 Nxd7 59. Kh5 Nc5 60. Kg4 Rg2+ 61. Kh3 Rg6 62. Rg1 Nd3 63. Rxg6 hxg6 64. h7 d1=Q 65. h8=Q Qh1+ 66. Kg4 Qxh8 67. Kg5 Qd4 68. Kh6 Kd2 69. Kg5 e2 0-1


[Site "https://www.chess.com"]

[Event "Titled Tuesday Blitz February 28 Early 2023"]
[White "Pein, Jonathan"]
[Black "Derix, Bernhard"]
[WhiteFideId "417092"]
[BlackFideId "4642368"]
[WhiteElo "2151"]
[BlackElo "2600"]
[Result "0-1"]
[Round "03"]
[TimeControl "180+2"]
[Date "2023.02.28"]
[WhiteClock "0:00:04"]
[BlackClock "0:00:02"]

1. e4 c5 2. g3 d5 3. exd5 Qxd5 4. Nf3 Bg4 5. Bg2 Qe6+ 6. Kf1 Bh3 7. d4 Bxg2+ 8. Kxg2 cxd4 9. Nxd4 Qd5+ 10. Qf3 Qxf3+ 11. Nxf3 Nc6 12. Be3 O-O-O 13. Nc3 e5 14. Rad1 Be7 15. Nd5 Bd6 16. c4 f6 17. a3 Nge7 18. b4 Nf5 19. c5 Bc7 20. Bc1 Rd7 21. b5 Ncd4 22. Nxd4 Nxd4 23. Nxc7 Rxc7 24. b6 Rxc5 25. bxa7 Ra5 26. Be3 Rd8 27. Rc1+ Kd7 28. Rhd1 Ra4 29. Rb1 Kc6 30. Rdc1+ Kd5 31. Rxb7 Ra8 32. Rcc7 g5 33. Rxh7 Rxa3 34. h4 g4 35. h5 Nf3 36. Rhd7+ Ke4 37. Rb4+ Kf5 38. Rg7 Ne1+ 39. Kf1 Ra1 40. Rgxg4 Nc2+ 41. Kg2 Nxe3+ 42. fxe3 R8xa7 43. h6 Rh7 44. Rh4 Ra2+ 45. Kf3 Ra1 46. g4+ Kg6 47. Rb6 Rf1+ 48. Ke4 Rxh6 49. Rxh6+ Kxh6 50. Rb8 Kg5 51. Rg8+ Kh4 52. Kd5 Rf3 53. Ke6 e4 54. Rg6 Kg3 0-1


[Site "https://www.chess.com"]

[Event "Titled Tuesday Blitz February 28 Early 2023"]
[White "Zhukova, Natalia"]
[Black "Odegov, Artem"]
[WhiteFideId "14101513"]
[BlackFideId "34183644"]
[WhiteElo "2297"]
[BlackElo "2300"]
[Result "1-0"]
[Round "03"]
[TimeControl "180+2"]
[Date "2023.02.28"]
[WhiteClock "0:00:13"]
[BlackClock "0:00:30"]

1. c4 e6 2. Nc3 d5 3. d4 c5 4. e3 Nc6 5. Nf3 Nf6 6. a3 dxc4 7. Bxc4 a6 8. Bd3 b5 9. O-O Bb7 10. dxc5 Bxc5 11. b4 Be7 12. Bb2 O-O 13. Rc1 Qb6 14. Ne4 Rfd8 15. Qc2 Rxd3 16. Qxd3 Nxb4 17. Nxf6+ Bxf6 18. axb4 Bxb2 19. Ng5 h6 20. Qh7+ Kf8 21. Rc2 Be5 22. Nf3 Bf6 23. Rfc1 Rd8 24. Qh8+ Ke7 25. Rc7+ Rd7 26. Rxd7+ Kxd7 27. Qf8 Bxf3 28. Qxf7+ Be7 29. Qxf3 Bxb4 30. h3 Ke7 31. Qg4 Bc5 32. Qxg7+ Kd6 33. Qxh6 b4 34. Rd1+ Ke7 35. Qg7+ Ke8 36. Qd7+ Kf8 37. Qc8+ Ke7 38. Rd7+ Kf6 39. Qh8+ Kf5 40. Qh5+ Ke4 41. Qg4+ Ke5 42. Qf4# 1-0


[Site "https://www.chess.com"]

[Event "Titled Tuesday Blitz February 28 Early 2023"]
[White "Maltsevskaya, Aleksandra"]
[Black "Miszler, Levente"]
[WhiteFideId "24174041"]
[BlackFideId "763276"]
[WhiteElo "2302"]
[BlackElo "2176"]
[Result "0-1"]
[Round "03"]
[TimeControl "180+2"]
[Date "2023.02.28"]
[WhiteClock "0:00:44"]
[BlackClock "0:01:26"]

1. Nf3 Nf6 2. g3 b6 3. d3 Bb7 4. Bg2 g6 5. O-O Bg7 6. a4 O-O 7. a5 c5 8. e4 bxa5 9. Nbd2 Nc6 10. e5 Nd5 11. Nc4 Nb6 12. c3 Nxc4 13. dxc4 Nxe5 14. Nxe5 Bxg2 15. Kxg2 Bxe5 16. Bh6 Bg7 17. Bxg7 Kxg7 18. Qa4 d6 19. Qxa5 Qxa5 20. Rxa5 Rfb8 21. Re1 Kf6 22. Re2 Rb7 23. Ra6 Rab8 24. b4 cxb4 25. cxb4 Rxb4 26. Rxa7 R8b7 27. Rxb7 Rxb7 28. Re4 Rb4 29. h4 e5 30. Kf3 Ke6 31. h5 f5 32. Re1 Rxc4 33. Ra1 gxh5 34. Ra7 h4 35. Rxh7 Rc3+ 36. Kg2 hxg3 37. fxg3 e4 38. Kf2 d5 39. Rh8 d4 40. Rd8 Rc2+ 41. Ke1 d3 42. Kf1 Kf6 43. Ke1 Kg5 44. Rg8+ Kh5 45. g4+ fxg4 46. Re8 Re2+ 47. Kf1 g3 48. Rh8+ Kg4 49. Rg8+ Kf3 50. Rf8+ Ke3 51. Rg8 g2+ 52. Kg1 d2 53. Rg3+ Kd4 0-1


[Site "https://www.chess.com"]

[Event "Titled Tuesday Blitz February 28 Early 2023"]
[White "Toktomushev, Teimur"]
[Black "Khumalo, Keith"]
[WhiteFideId "14176726"]
[BlackFideId "14319470"]
[WhiteElo "2106"]
[BlackElo "2056"]
[Result "1-0"]
[Round "03"]
[TimeControl "180+2"]
[Date "2023.02.28"]
[WhiteClock "0:00:07"]
[BlackClock "0:01:17"]

1. d4 Nf6 2. c4 e6 3. Nf3 c5 4. d5 exd5 5. cxd5 d6 6. Nc3 g6 7. Nd2 Bg7 8. e4 O-O 9. Be2 Na6 10. O-O Nc7 11. h3 b6 12. Re1 Rb8 13. a4 a6 14. Nc4 b5 15. axb5 axb5 16. Na5 Bd7 17. Bf1 b4 18. Na4 Nb5 19. Nc6 Bxc6 20. dxc6 Nd4 21. Bf4 Re8 22. Bh2 Rxe4 23. Nxc5 dxc5 24. c7 Rc8 25. cxd8=Q+ Rxd8 26. Rxe4 Nxe4 27. Ra7 f5 28. Qa4 Kh8 29. Ra8 Bf6 30. Rxd8+ Bxd8 31. Qe8+ Kg7 32. Qxd8 h5 33. Be5+ Kh6 34. Bxd4 cxd4 35. Qxd4 Kg5 36. Qxb4 h4 37. Qe7+ 1-0


[Site "https://www.chess.com"]

[Event "Titled Tuesday Blitz February 28 Early 2023"]
[White "Martynov, Pavel"]
[Black "Estrada Nieto, Julian"]
[WhiteFideId "4101260"]
[BlackFideId "5101018"]
[WhiteElo "2314"]
[BlackElo "2176"]
[Result "1-0"]
[Round "03"]
[TimeControl "180+2"]
[Date "2023.02.28"]
[WhiteClock "0:01:20"]
[BlackClock "0:00:58"]

1. e4 e5 2. Nf3 Nc6 3. Bb5 a6 4. Ba4 Nf6 5. d3 d6 6. c3 g6 7. Nbd2 Bg7 8. Nf1 O-O 9. h3 b5 10. Bc2 Bb7 11. Bg5 h6 12. Be3 d5 13. Ng3 b4 14. O-O bxc3 15. bxc3 dxe4 16. dxe4 Qxd1 17. Rfxd1 Na5 18. Nxe5 Nxe4 19. Bxe4 Bxe4 20. Nd7 Bxc3 21. Nxe4 Bxa1 22. Nxf8 Kxf8 23. Rxa1 f5 24. Bxh6+ Kf7 25. Nc3 Rd8 26. Rc1 Rd3 27. Na4 c6 28. Rc5 Nb7 29. Rxc6 Nd6 30. Nc5 Rd1+ 31. Kh2 Nc4 32. Rxa6 Nb2 33. Ra7+ Kf6 34. Bg7+ 1-0


[Site "https://www.chess.com"]

[Event "Titled Tuesday Blitz February 28 Early 2023"]
[White "Gabdrakhmanov, Azat"]
[Black "Cheng, Xiao"]
[WhiteFideId "34189197"]
[BlackFideId "2022915"]
[WhiteElo "2315"]
[BlackElo "2390"]
[Result "1-0"]
[Round "03"]
[TimeControl "180+2"]
[Date "2023.02.28"]
[WhiteClock "0:00:18"]
[BlackClock "0:00:24"]

1. e4 c5 2. Nf3 e6 3. d4 cxd4 4. Nxd4 Nf6 5. Nc3 Nc6 6. Ndb5 d6 7. Bf4 e5 8. Bg5 a6 9. Na3 b5 10. Bxf6 gxf6 11. Nd5 f5 12. exf5 Bxf5 13. c3 Bg7 14. Nc2 Be6 15. Nce3 O-O 16. g3 f5 17. f4 Ra7 18. Bg2 Raf7 19. O-O e4 20. a4 Ne7 21. axb5 axb5 22. Kh1 Qb8 23. Qd2 b4 24. Nxb4 d5 25. Nec2 Qb6 26. Ra6 e3 27. Rxb6 exd2 28. Rxe6 d4 29. cxd4 Rb8 30. Rd1 Ng6 31. Rxd2 Nf8 32. Re1 Rc7 33. d5 Bxb2 34. d6 Rd7 35. Bc6 Rdd8 36. Bd5+ Kh8 37. Nc6 Bc3 38. Nxd8 Rxd8 39. Rde2 Bxe1 40. Rxe1 Rxd6 41. Ne3 h6 42. Bf3 Rf6 43. Kg2 Kg7 44. Nd5 Rf7 45. Re7 Ng6 46. Rxf7+ Kxf7 47. Ne3 Kf6 48. Be2 Ne7 49. Bd3 Ke6 50. Nxf5 Nxf5 51. Bxf5+ Kxf5 52. Kf3 h5 53. h3 Kf6 54. g4 h4 55. Ke4 Ke6 56. f5+ Kf6 57. Kf4 Kg7 58. g5 Kh7 59. Kg4 Kg7 60. Kxh4 Kh7 61. g6+ Kg7 62. Kg5 Kh8 63. Kf6 Kg8 64. g7 Kh7 65. Kf7 Kh6 66. g8=Q Kh5 67. Qg4+ Kh6 68. Qg6# 1-0


[Site "https://www.chess.com"]

[Event "Titled Tuesday Blitz February 28 Early 2023"]
[White "Sai Han Thiha"]
[Black "Koridze, Lile"]
[WhiteFideId "13012290"]
[BlackFideId "13612514"]
[WhiteElo "1954"]
[BlackElo "2047"]
[Result "1-0"]
[Round "03"]
[TimeControl "180+2"]
[Date "2023.02.28"]
[WhiteClock "0:00:07"]
[BlackClock "0:00:05"]

1. d4 Nf6 2. c4 e6 3. Nf3 d5 4. Nc3 Bb4 5. Qa4+ Nc6 6. cxd5 exd5 7. Bg5 h6 8. Bxf6 Qxf6 9. e3 O-O 10. Be2 Be6 11. a3 Bd6 12. Nb5 Qe7 13. O-O a6 14. Nxd6 Qxd6 15. Rfc1 Ne7 16. b4 c6 17. Qa5 f5 18. Qc5 Qxc5 19. dxc5 f4 20. Nd4 Bd7 21. g4 fxe3 22. fxe3 Ng6 23. Rf1 Rae8 24. Rxf8+ Kxf8 25. Rf1+ Kg8 26. Kf2 Ne5 27. h3 Nf7 28. Bf3 Ng5 29. Bg2 h5 30. h4 Ne4+ 31. Bxe4 Rxe4 32. gxh5 Rxh4 33. Kg3 Rxh5 34. Nf3 Rf5 35. Rd1 Be8 36. Rh1 Bh5 37. Nd4 Re5 38. Kf2 Bg6 39. Rg1 Be4 40. Rg3 Kf7 41. Rh3 Rg5 42. Rh8 Rg2+ 43. Kf1 Ra2 44. Rb8 Rxa3 45. Rxb7+ Kg6 46. Nxc6 Rxe3 47. Ne5+ Kf5 48. Nd7 g5 49. c6 Rc3 50. Nc5 d4 51. Rf7+ Kg6 52. Rc7 Bd5 53. Rd7 Bc4+ 54. Kg2 Bb5 55. Rd6+ Kf5 56. c7 Rc2+ 57. Kg3 Rc3+ 58. Kf2 Rc2+ 59. Ke1 Re2+ 60. Kd1 Re8 61. Rd8 Ke5 62. Rxe8+ Bxe8 63. c8=Q Bh5+ 64. Kd2 Kd5 65. Qe6# 1-0


[Site "https://www.chess.com"]

[Event "Titled Tuesday Blitz February 28 Early 2023"]
[White "Grieve, Harry"]
[Black "Jovic, Stanoje"]
[WhiteFideId "426520"]
[BlackFideId "905020"]
[WhiteElo "2370"]
[BlackElo "2236"]
[Result "0-1"]
[Round "03"]
[TimeControl "180+2"]
[Date "2023.02.28"]
[WhiteClock "0:00:04"]
[BlackClock "0:01:05"]

1. e4 c6 2. Nf3 d5 3. d3 dxe4 4. dxe4 Qxd1+ 5. Kxd1 Bg4 6. Nd2 Nd7 7. h3 Bxf3+ 8. Nxf3 e5 9. Be3 f6 10. a4 Bc5 11. Ke2 Bxe3 12. Kxe3 O-O-O 13. Bc4 Ne7 14. a5 Kc7 15. b4 g5 16. Ne1 Ng6 17. g3 h5 18. Nd3 h4 19. g4 Nf4 20. Nxf4 exf4+ 21. Ke2 Ne5 22. Bb3 Rd4 23. f3 Rxb4 24. Rhd1 Rd8 25. Rxd8 Kxd8 26. Ra3 Kc7 27. Ba2 Rd4 28. Be6 b5 29. axb6+ Kxb6 30. Rb3+ Kc5 31. Ra3 Rd6 32. Bf5 Rd2+ 33. Kf1 Rxc2 34. Rxa7 Nxf3 35. Rf7 Kd4 36. e5 Rc1+ 37. Kf2 Nxe5 38. Rxf6 Rc3 39. Rd6+ Kc5 40. Re6 Kd5 41. Re8 Rxh3 42. Rd8+ Kc5 43. Rg8 Nd3+ 44. Kg2 Rg3+ 45. Kh2 Ne1 46. Rxg5 Nf3+ 0-1


[Site "https://www.chess.com"]

[Event "Titled Tuesday Blitz February 28 Early 2023"]
[White "Manelyuk, Daniil"]
[Black "Van Dael, Siem"]
[WhiteFideId "44173920"]
[BlackFideId "1049771"]
[WhiteElo "2259"]
[BlackElo "2336"]
[Result "0-1"]
[Round "03"]
[TimeControl "180+2"]
[Date "2023.02.28"]
[WhiteClock "0:00:03"]
[BlackClock "0:00:09"]

1. e4 c5 2. Nf3 d6 3. d4 cxd4 4. Nxd4 Nf6 5. Nc3 a6 6. f3 e6 7. Be3 h5 8. Qd2 Be7 9. Be2 Qc7 10. O-O Nc6 11. f4 Ng4 12. Bxg4 hxg4 13. f5 d5 14. g3 dxe4 15. fxe6 Bxe6 16. Nxe6 fxe6 17. Bf4 e5 18. Be3 Nd4 19. Bxd4 O-O-O 20. Qe2 Rxd4 21. Qxg4+ Kb8 22. Rf7 Qc5 23. Kh1 Rd2 24. h4 g5 25. Nxe4 gxh4 26. gxh4 Qxc2 27. Rxe7 Rh2+ 28. Kg1 R2xh4 29. Re8+ Ka7 30. Qg3 Rh1# 0-1


[Site "https://www.chess.com"]

[Event "Titled Tuesday Blitz February 28 Early 2023"]
[White "Sourath Biswas"]
[Black "Kovacsy, Barnabas"]
[WhiteFideId "35091484"]
[BlackFideId "769290"]
[WhiteElo "2164"]
[BlackElo "2130"]
[Result "0-1"]
[Round "03"]
[TimeControl "180+2"]
[Date "2023.02.28"]
[WhiteClock "0:00:07"]
[BlackClock "0:01:16"]

1. d4 Nf6 2. Bf4 g6 3. Nc3 d6 4. e4 Bg7 5. Qd2 O-O 6. O-O-O Nbd7 7. e5 Ne8 8. Bh6 c6 9. h4 Qa5 10. h5 dxe5 11. Bxg7 Nxg7 12. hxg6 fxg6 13. Qh6 Nf6 14. Bc4+ Be6 15. Bxe6+ Nxe6 16. Ne4 Rf7 17. Nxf6+ exf6 18. Nf3 Qxa2 19. dxe5 Qa1+ 20. Kd2 Qxb2 21. Ke2 Qxc2+ 22. Rd2 Qc4+ 23. Ke1 Re8 24. Re2 Nd4 25. Rd2 Nxf3+ 26. gxf3 Rxe5+ 27. Kd1 Qb3+ 28. Rc2 Rc5 29. Qd2 Rd5 0-1


[Site "https://www.chess.com"]

[Event "Titled Tuesday Blitz February 28 Early 2023"]
[White "Alahakoon, Isuru"]
[Black "Pinheiro, Iung Alicio de O."]
[WhiteFideId "9900993"]
[BlackFideId "2104350"]
[WhiteElo "1995"]
[BlackElo "2283"]
[Result "1/2-1/2"]
[Round "03"]
[TimeControl "180+2"]
[Date "2023.02.28"]
[WhiteClock "0:00:16"]
[BlackClock "0:00:11"]

1. Nf3 c5 2. c3 Nf6 3. d4 e6 4. Bf4 b6 5. e3 Bb7 6. Nbd2 Be7 7. Nc4 d5 8. Nce5 O-O 9. Bd3 Ne4 10. Nd2 f6 11. Nef3 Nd7 12. Qc2 f5 13. O-O Rc8 14. Ne5 Nxe5 15. Bxe5 Bd6 16. Bxe4 fxe4 17. Bxd6 Qxd6 18. f3 Ba6 19. Rf2 Bd3 20. Qa4 a6 21. Qd1 cxd4 22. cxd4 Rc2 23. Nxe4 dxe4 24. Rxc2 Bxc2 25. Qxc2 exf3 26. gxf3 Rxf3 27. Rf1 Rxf1+ 28. Kxf1 b5 29. Qe4 h6 30. Kg2 Kh8 31. a3 Kg8 32. Qa8+ Kh7 33. Qe4+ Kh8 34. Qa8+ Kh7 35. Qe4+ Kg8 36. Qa8+ Kf7 37. Qb7+ Kf6 38. Qf3+ Ke7 39. Qb7+ Qd7 40. Qxa6 Qd5+ 41. Kf2 Qb3 42. Qb7+ Kf6 43. Qf3+ Kg6 44. Qe2 Qd5 45. Qg4+ Kh7 46. Qf3 Qb3 47. Qe4+ Kg8 48. Qa8+ Kf7 49. Qf3+ Ke7 50. Qb7+ Kd8 51. Qb8+ Ke7 52. Qc7+ Kf6 53. Qe5+ Kg6 54. Qe4+ Kf7 55. Qf3+ Kg8 56. Qe2 Qd5 57. Qf3 Qb3 58. Qa8+ Kh7 59. Qe4+ Kh8 60. Qa8+ Kh7 61. Qe4+ 1/2-1/2


[Site "https://www.chess.com"]

[Event "Titled Tuesday Blitz February 28 Early 2023"]
[White "Kostiukov, Alexandr"]
[Black "Sukandar, Irine Kharisma"]
[WhiteFideId "14108100"]
[BlackFideId "7101937"]
[WhiteElo "2202"]
[BlackElo "2301"]
[Result "0-1"]
[Round "03"]
[TimeControl "180+2"]
[Date "2023.02.28"]
[WhiteClock "0:00:28"]
[BlackClock "0:01:18"]

1. g3 e5 2. Bg2 Nf6 3. c4 d5 4. cxd5 Nxd5 5. Nf3 Nc6 6. O-O Nb6 7. Nc3 Be7 8. d3 O-O 9. Be3 Be6 10. d4 exd4 11. Nxd4 Nxd4 12. Bxd4 c6 13. b3 Bf6 14. Bxf6 Qxf6 15. Qc2 Rad8 16. Rad1 h5 17. h3 h4 18. g4 Qe5 19. Ne4 Nd5 20. e3 f5 21. Ng5 Bc8 22. Rd4 Nxe3 23. fxe3 Qxe3+ 24. Kh1 Rxd4 25. Nf3 Rf4 26. Re1 Qb6 27. Qd2 fxg4 28. hxg4 Bxg4 29. Ne5 h3 30. Be4 Rf1+ 31. Rxf1 Rxf1+ 32. Kh2 Qg1# 0-1


[Site "https://www.chess.com"]

[Event "Titled Tuesday Blitz February 28 Early 2023"]
[White "Sielecki, Christof"]
[Black "Piriflillo"]
[WhiteFideId "4620437"]
[WhiteElo "2443"]
[BlackElo "2336"]
[Result "1-0"]
[Round "03"]
[TimeControl "180+2"]
[Date "2023.02.28"]
[WhiteClock "0:00:27"]
[BlackClock "0:00:13"]

1. e4 e5 2. Nf3 Nc6 3. Bb5 a6 4. Ba4 Nf6 5. d3 Bc5 6. Bxc6 dxc6 7. Nbd2 Nd7 8. Nc4 f6 9. O-O Nf8 10. Be3 Be7 11. d4 exd4 12. Nxd4 Ne6 13. Nf5 O-O 14. Qxd8 Bxd8 15. Rfd1 b6 16. a4 c5 17. f3 g6 18. Nh6+ Kg7 19. Ng4 Kg8 20. Bf2 Bb7 21. Bg3 b5 22. Na5 Bc8 23. Nc6 b4 24. Ne3 Bb7 25. Nxd8 Rfxd8 26. c3 a5 27. Nd5 Kf7 28. Nxc7 Nxc7 29. Bxc7 Rxd1+ 30. Rxd1 Ke7 31. Bd6+ Ke6 32. Bxc5 Rc8 33. cxb4 axb4 34. Bxb4 Rc2 35. Bc3 Bc6 36. a5 Bb5 37. h4 h5 38. Rd5 Ba6 39. Rc5 Bd3 40. Rc6+ Ke7 41. Rxf6 Rc1+ 42. Kh2 g5 43. hxg5 h4 44. Rh6 Bf1 45. Rxh4 Rc2 46. Rg4 Kf7 47. g6+ Kg8 48. g7 Re2 49. Kg1 1-0


[Site "https://www.chess.com"]

[Event "Titled Tuesday Blitz February 28 Early 2023"]
[White "Ruiz Aguilar, Pablo Alexander"]
[Black "Berezin, Viktor"]
[WhiteFideId "4401352"]
[BlackFideId "14107872"]
[WhiteElo "2138"]
[BlackElo "2310"]
[Result "0-1"]
[Round "03"]
[TimeControl "180+2"]
[Date "2023.02.28"]
[WhiteClock "0:00:50"]
[BlackClock "0:00:53"]

1. e4 g6 2. d4 Bg7 3. Nc3 d6 4. f4 Nf6 5. Nf3 O-O 6. e5 Ne8 7. Bc4 c5 8. dxc5 Nc6 9. cxd6 exd6 10. Be3 Bg4 11. h3 Bxf3 12. Qxf3 dxe5 13. Rd1 Qa5 14. Rd5 Qc7 15. Bc5 Nf6 16. Bxf8 Rxf8 17. Rd1 Nd4 18. Qd3 Nxc2+ 19. Qxc2 Qxc4 20. fxe5 Re8 21. Qe2 Qh4+ 22. Qf2 Rxe5+ 23. Ne2 Qb4+ 24. Kf1 Rf5 25. Qxf5 gxf5 26. Rd8+ Bf8 27. h4 Ng4 28. Rh3 Qb6 0-1


[Site "https://www.chess.com"]